 Dungeon Crawl Stone Soup version 0.29.1-1-gd02db6906a (webtiles) character file.

Game seed: 17004463617846576035

113 DiceMaster the Trooper (level 4, 0/37 HPs)
             Began as a Mummy Fighter on Sept 25, 2022.
             Slain by an orc priest
             ... wielding a +0 short sword
              (4 damage)
             ... on level 3 of the Dungeon.
             The game lasted 00:05:10 (2131 turns).

DiceMaster the Trooper (Mummy Fighter)              Turns: 2131, Time: 00:05:10

Health: 0/37       AC:  9    Str: 27    XL:     4   Next: 65%
Magic:  4/4        EV:  9    Int:  7    God:
Gold:   166        SH:  4    Dex: 11    Spells: 3/3 levels left

rFire   x . .      SeeInvis .   a - +0 war axe
rCold   + + .      Faith    .   c - +0 buckler
rNeg    + + +      Spirit   .   e - +0 scale mail
rPois   ∞          Reflect  .   (no helmet)
rElec   .          Harm     .   (no cloak)
rCorr   .          Rampage  .   (no gloves)
Will    .....                   h - +2 pair of boots
Stlth   ..........              (no amulet)
HPRegen 0.12/turn               d - +6 ring of strength
MPRegen 0.09/turn               i - ring of protection from cold

@: no status effects
A: cold resistance 1, negative energy resistance 3, torment resistance 2, heat
vulnerability 1, in touch with death 1, no potions
a: no special abilities


You were on level 3 of the Dungeon.
You visited 1 branch of the dungeon, and saw 3 of its levels.

You collected 166 gold pieces.

Inventory:

Hand Weapons
 a - a +0 war axe (weapon)
 b - a +0 sling
Armour
 c - a +0 buckler (worn)
 e - a +0 scale mail (worn)
 h - a +2 pair of boots (worn)
Jewellery
 d - a +6 ring of strength (left hand)
 i - a ring of protection from cold (right hand)
 k - a ring of ice
Scrolls
 f - a scroll of blinking {unknown}
 g - 2 scrolls of amnesia {unknown}
 j - 4 scrolls of identify {unknown}
 l - a scroll of fear {unknown}


   Skills:
 + Level 3.7 Fighting
 + Level 2.3 Axes
 + Level 3.1 Armour
 + Level 3.0 Shields


You had 3 spell levels left.
You didn't know any spells.
Your spell library contained the following spells:

 Spells                   Type           Power      Damage    Failure   Level
 Magic Dart               Conj           0%         1d3       80%         1
 Sandblast                Erth           0%         2d4       80%         1
 Ensorcelled Hibernation  Hex/Ice        0%         N/A       90%         2
 Passwall                 Tmut/Erth      0%         N/A       90%         2
 Searing Ray              Conj           0%         2d4       90%         2
 Stone Arrow              Conj/Erth      0%         3d7       99%         3
 Swiftness                Air            0%         N/A       99%         3
 Fulminant Prism          Conj/Hex       0%         3d6       100%        4


Dungeon Overview and Level Annotations

Branches:
Dungeon (3/15)

Altars:
Trog


Innate Abilities, Weirdness & Mutations

You are immune to poison.
Your flesh is cold resistant. (rC+)
You are immune to negative energy. (rN+++)
You are immune to unholy pain and torment.
You are vulnerable to heat. (rF-)
You are in touch with the powers of death.
You do not drink.


Message History

2 orcs and an orc priest come into view.
Found 4 stones.
The orc shouts! x2
The orc hits you with a +0 hand axe.
You barely miss the orc. The orc barely misses you. The orc closely misses you.
You slash the orc!
You kill the orc!
An orc comes into view. It is wielding a +0 hand axe.
You closely miss the orc.
The orc shouts!
The orc hits you with a +0 club. The orc hits you but does no damage.
You hit the orc but do no damage. You slash the orc!
You kill the orc!
You block the orc's attack.
The orc priest mumbles some strange prayers to Beogh against you.
Beogh smites you!
You closely miss the orc. You block the orc's attack.
You closely miss the orc.
A frilled lizard comes into view.
The orc hits you but does no damage. The orc barely misses you.
You hit the orc.
The orc is lightly wounded.
You slash the frilled lizard!
You kill the frilled lizard!
You block the orc's attack.
You hit the orc.
The orc is almost dead.
The orc closely misses you. The orc hits you with a +0 club.
The orc priest mumbles some strange prayers to Beogh against you.
Beogh smites you!
* * * LOW HITPOINT WARNING * * *
You slash the orc!
You kill the orc!
You hit the orc priest.
The orc priest is lightly wounded.
The orc priest hits you but does no damage.
You hit the orc priest.
The orc priest is moderately wounded.
The orc priest hits you with a +0 short sword.
You die...

###### .....# ##.### #.#<...#.##.
### .....###.#.....(.! ..#...
#.......#... o.o#.##.#...
#.......#.. ...#.#..#..#+
########.......#)# .. #...<#..#.
(..............#@# .# ###)##..#.
#########......#o###.#####.##..#.
..^................o.....>.#...#.
##########.###.#.########..###.#.
#.....#.# #........ #######.#
#.####.## ###### #.# #.# #.#
#####....#######.# #.# #.##
.........'....##.# #.# #[..


You could see an orc priest.

Vanquished Creatures
  2 adders (D:2)
  A gnoll (D:3)
  2 worms
  A dart slug (D:1)
  5 orcs (D:3)
  A bat (D:1)
  8 endoplasms
  2 giant cockroaches
  5 goblins
  10 hobgoblins
  6 jackals
  2 kobolds
  7 quokkas
  3 ball pythons (D:1)
  2 frilled lizards
  6 rats
63 creatures vanquished.

Notes
Turn   | Place    | Note
-------+----------+-------------------------------------------
     0 | D:1      | DiceMaster the Mummy Fighter began the quest for the Orb.
     0 | D:1      | Reached XP level 1. HP: 18/18 MP: 1/1
   219 | D:1      | Reached XP level 2. HP: 24/24 MP: 2/2
   336 | D:1      | Found a faded altar of an unknown god.
  1052 | D:2      | Gained mutation: You are in touch with the powers of death.
                  | [Mummy growth]
  1052 | D:2      | Reached XP level 3. HP: 24/29 MP: 3/3
  1430 | D:2      | Reached XP level 4. HP: 34/35 MP: 4/4
  1676 | D:3      | Identified the +1 leather armour of Dannoo {Contam rF-
                  | Dex+7}
  1700 | D:3      | Found a bloodstained altar of Trog.
  2131 | D:3      | Slain by an orc priest

Illustrated notes

Levels and vault maps discovered:
D:1:      minmay_arrival_cross, layout_basic,
          hellmonk_ecumenical_altar_dog_temple
D:2:      layout_rooms
D:3:      layout_basic, trog_antimagical

Skill      XL: |  1  2  3  4 |
---------------+-------------+-----
Axes           | 2 |  2.3
Armour         | 3 |  3.1
Shields        | 3 |  3.0
Fighting       | |  3.7

Action                   |  1- 3 |  4- 6 || total
-------------------------+-------+-------++-------
Melee: War axe           |   110 |    48 ||   158
 Fire: Sling             |     3 |       ||     3
Armor: Scale mail        |    71 |    16 ||    87
Dodge: Dodged            |    52 |    14 ||    66
Block: Buckler           |    18 |    12 ||    30
